 Dungeon Crawl Stone Soup version 0.26-a0-660-gc07710193c (webtiles) character file.

Game seed: 7034759700671132584

12 washedup the Shield-Bearer (level 2, 22/27 HPs)
             Began as a Deep Dwarf Fighter on Oct 7, 2020.
             Quit the game on level 1 of the Dungeon.
             The game lasted 00:03:25 (216 turns).

washedup the Shield-Bearer (Deep Dwarf Fighter)      Turns: 216, Time: 00:03:26

Health: 22/27      AC:  6    Str: 19    XL:     2   Next: 20%
Magic:  2/2        EV:  7    Int:  8    God:
Gold:   24         SH:  9    Dex: 12    Spells: 1/1 levels left

rFire    + . .     SeeInvis .   a - +0 war axe
rCold    . . .     Faith    .   c - +0 kite shield
rNeg     . . .     Spirit   .   b - +0 scale mail
rPois    .         Reflect  .   (no helmet)
rElec    .         Harm     .   (no cloak)
rCorr    .         Rampage  .   (no gloves)
MR       .....                  (no boots)
Stlth    ..........             (no amulet)
HPRegen  0.00/turn              f - ring of protection from fire
MPRegen  0.08/turn              (no ring)

@: non-regenerating
A: damage resistance, heal wounds, sense surroundings 1, no regeneration
a: Heal Wounds


You were on level 1 of the Dungeon.
You visited 1 branch of the dungeon, and saw 1 of its levels.

You collected 24 gold pieces.

Inventory:

Hand Weapons
 a - a +0 war axe (weapon)
Missiles
 v - 6 javelins (quivered)
Armour
 b - a +0 scale mail (worn)
 c - a +0 kite shield (worn)
Jewellery
 f - a ring of protection from fire (left hand)
Scrolls
 e - a scroll of enchant armour
 R - 3 scrolls of identify {@r1}
Potions
 d - a potion of might {@q4}
 g - a potion of lignification


   Skills:
 - Level 2.6 Fighting
 + Level 3.2 Axes
 - Level 3.2 Armour
 - Level 3.2 Shields


You had one spell level left.
You didn't know any spells.
Your spell library was empty.

Dungeon Overview and Level Annotations

Branches:
Dungeon (1/15)

Altars:


Innate Abilities, Weirdness & Mutations

You are resistant to damage.
You can heal yourself by infusing magical energy.
You passively map a small area around you.
You do not regenerate.


Message History

The hobgoblin hits you but does no damage.
You see here a scroll of identify {@r1}.
R - 3 scrolls of identify {@r1} (gained 1)
You block the hobgoblin's attack. The rat bites you but does no damage.
You slash the hobgoblin!
You kill the hobgoblin!
You hit the rat. The rat closely misses you.
You see here an encrusted moonstone ring.
g - a ring of protection from fire (left hand)
f - a ring of protection from fire (left hand)
g - a potion of lignification You block the rat's attack.
You open the door. The rat bites you but does no damage.
There is an open door here.
You open the door. You block the rat's attack.
There is an open door here.
The rat bites you. The rat bites you.
There is an open door here.
Are you sure you want to abandon this character and quit the game? (Confirm with "yes".)

#....###### , ** #.#### *
#.# > , * * , #.#*,* * * ,
#.#* ,, , ##'#### , ,,
#.....#* * , ,
#..r..######## , *
#.....##.r@..#
##.#####.###.# , *
#...........# .
#######.########..########
#.# #...............
######.# #.#####+#####..#
#......# #$#PPP#.#PPP#..#
#......# #.#P⌠P#.#P⌠P#..#
#......# #.#PPP#.#PPP#..#


You could see a rat.

Vanquished Creatures
  A bat
  A giant cockroach
  3 hobgoblins
  4 jackals
9 creatures vanquished.

Notes
Turn   | Place    | Note
-------+----------+-------------------------------------------
     0 | D:1      | washedup the Deep Dwarf Fighter began the quest for the
                  | Orb.
     0 | D:1      | Reached XP level 1. HP: 20/20 MP: 1/1
    81 | D:1      | Reached skill level 3 in Axes
    81 | D:1      | Reached XP level 2. HP: 22/27 MP: 2/2
   216 | D:1      | Quit the game

Illustrated notes

Levels and vault maps discovered:
D:1:      beargit_arrival_greenhouse, layout_basic, tso_altar

Skill      XL: |  1 |
---------------+----+-----
Axes           | 3 |  3.2
Fighting       | |  2.6
Armour         | |  3.2
Shields        | |  3.2

Action                   || total
-------------------------++-------
Melee: War axe           ||    27
  Use: Scroll            ||     2
Armor: Scale mail        ||    21
Dodge: Dodged            ||    15
Block: Kite shield       ||    25

Table legend: (Time is in decaauts)
 A = Elapsed time spent in this place.
 B = Non-inter-level travel time spent in this place.
 C = Inter-level travel time spent in this place.
 D = Time resting spent in this place.
 E = Time spent auto-exploring this place.
 F = Levels seen in this place.
 G = Mean time per level.
                   A        B        C        D        E       F      G
               +--------+--------+--------+--------+--------+-----+--------+
         Total |    228 |    228 |      0 |      0 |      0 |   1 |  228.0 |
       Dungeon |    228 |    228 |      0 |      0 |      0 |   1 |  228.0 |
               +--------+--------+--------+--------+--------+-----+--------+

Top non-repeatable levels by time:
     D:1: 228 daAuts
